[Event "6th Heraklion Capablanca 2019"]
[Site "Heraklion"]
[Date "2019.05.07"]
[Round "9.4"]
[White "Szwed, Jacek"]
[Black "Yoo, Christopher Woojin"]
[Result "0-1"]
[ECO "A16"]
[WhiteElo "2387"]
[BlackElo "2414"]
[Annotator "NA"]
[PlyCount "150"]
[EventDate "2019.04.29"]
[EventType "tourn"]
[EventCountry "GRE"]
[SourceTitle "playchess.com"]
[Source "ChessBase"]
[SourceQuality "1"]
[TimeControl "40/5400+30:1800+30"]

1. c4 Nf6 2. Nc3 g6 3. g3 Bg7 4. Bg2 O-O 5. d3 e5 6. e3 c6 7. e4 Na6 8. Nge2 Nc7 9. O-O d5 10. exd5 cxd5 11. Bg5 $11 dxc4 12. dxc4 Ne6 13. Bd2 Nd4 14. Nxd4 exd4 15. Nd5 Nxd5 16. Bxd5 Bf5 17. Qf3 Rc8 18. Rac1 b6 19. Bf4 Qd7 20. Rfe1 d3 21. b3 Bb2 22. Rcd1 Bg4 23. Qxd3 Bxd1 24. Rxd1 Rfe8 25. Kg2 Qe7 26. h4 Qe2 27. Qxe2 Rxe2 28. Bb7 Rce8 29. Bc6 Rc8 30. Bb7 Rce8 31. Bc6 Rc8 32. Bd7 Rf8 33. Bg4 Rc2 34. Rd7 Bc3 35. Bh6 Re8 36. Bf3 Be1 37. Bd5 Rxf2+ 38. Kh3 Bb4 39. Rxa7 Bf8 40. Bf4 Re7 41. Ra8 h5 42. Bd6 Ree2 43. Rxf8+ Kg7 44. Rxf7+ Rxf7 45. Bxf7 Kxf7 46. Bc7 Rxa2 47. Bxb6 Rb2 48. Bc7 Rxb3 49. c5 Rc3 50. Bd6 Rc2 51. g4 Rc3+ 52. Bg3 Rxc5 53. gxh5 gxh5 54. Bf4 Ke6 55. Kg3 Kf5 56. Bg5 Rc3+ 57. Kg2 Kg4 58. Kf2 Rc6 59. Be7 Re6 60. Bd8 Re4 61. Bg5 Re8 62. Kg2 Re2+ 63. Kf1 Kf3 64. Kg1 Kg3 65. Kf1 Re8 66. Bh6 Kxh4 67. Kg2 Kg4 68. Bg7 h4 69. Bd4 h3+ 70. Kh1 Re2 71. Bg1 Kg3 72. Bc5 h2 73. Bd6+ Kh3 74. Bg3 Rd2 75. Be1 Rb2 0-1

[Event "6th Heraklion Capablanca 2019"]
[Site "Heraklion"]
[Date "2019.05.07"]
[Round "9.5"]
[White "Anagnostopoulos, Konstantinos"]
[Black "Demuth, Adrien"]
[Result "1/2-1/2"]
[ECO "A88"]
[WhiteElo "2345"]
[BlackElo "2512"]
[Annotator "ChessBase"]
[PlyCount "101"]
[EventDate "2019.04.29"]
[EventType "tourn"]
[EventCountry "GRE"]
[SourceTitle "playchess.com"]
[Source "ChessBase"]
[SourceQuality "1"]
[TimeControl "40/5400+30:1800+30"]

1. c4 f5 2. Nf3 Nf6 3. d4 g6 4. g3 Bg7 5. Bg2 O-O 6. O-O d6 7. Nc3 c6 8. b3 Na6 9. Bb2 Qc7 10. d5 e5 11. dxe6 Bxe6 12. Qc2 Nc5 13. Rad1 Rad8 14. e3 a5 15. Ne2 Nce4 16. Nd2 Nc5 17. h4 Rfe8 18. a3 Bf7 19. b4 axb4 20. axb4 Ncd7 21. Nf3 Nb6 22. c5 Nc4 23. cxd6 Rxd6 24. Bd4 b5 25. Ra1 Qb8 26. Ba7 Qc8 27. Bc5 Rd7 28. Rfd1 Nd5 29. Ned4 Nxb4 30. Bxb4 c5 31. Ng5 cxd4 32. Nxf7 Kxf7 33. exd4 Bxd4 34. Rxd4 Rxd4 35. Ra7+ Kg8 36. Bc3 Rd7 37. Qa2 Qd8 38. Bc6 Rxa7 39. Qxa7 Re7 40. Qc5 Qd1+ 41. Kh2 Qd6 42. Qxb5 Ne5 43. Bd5+ Nf7 44. Qc4 Qc7 45. Qd4 Kf8 46. Bb4 Qe5 47. Qc5 Nd8 48. Qa7 Ke8 49. Bxe7 Qxe7 50. Qd4 Nf7 51. Bxf7+ 1/2-1/2